 Dungeon Crawl Stone Soup version 0.28-a0-1624-g820543e53a (webtiles) character file.

Game seed: 14577361610366845086

10500 croobank the Arsonist (level 11, -8/69 (71) HPs)
             Began as a Red Draconian Fire Elementalist on Jan 23, 2022.
             Was a Believer of Hepliaklqana.
             Mangled by Snorg (12 damage)
             ... on level 11 of the Dungeon.
             The game lasted 00:58:24 (14510 turns).

croobank the Arsonist (DrFE)                       Turns: 14510, Time: 00:58:25

HP:   -8/69 (71)    AC: 11    Str: 10    XL:     11   Next: 37%
MP:   2/20          EV: 14    Int: 31    God:    Hepliaklqana [**....]
Gold: 636           SH:  0    Dex: 11    Spells: 6/23 levels left

rFire   + . .      SeeInvis .   a - +8 short sword (vorpal)
rCold   . . .      Faith    .   (no shield)
rNeg    . . .      Spirit   .   (armour unavailable)
rPois   .          Reflect  .   (helmet restricted)
rElec   .          Harm     .   R - scarf {+Inv}
rCorr   .          Rampage  .   E - +0 pair of gloves of Egoir {Int+4}
Will    .....                   h - +2 pair of boots
Stlth   +++.......              Q - amulet of regeneration
HPRegen 1.01/turn               q - +6 ring of intelligence
MPRegen 0.17/turn               A - ring of wizardry

@: short of breath, slowed, lightly drained, very slow
A: reduced essence, breathe fire, AC +7, unfitting armour, fire resistance 1,
cold-blooded
a: Breathe Fire, Renounce Religion, Evoke Invisibility, Recall Ancestor,
Ancestor Identity


You were on level 11 of the Dungeon.
You worshipped Hepliaklqana.
Hepliaklqana was pleased with you.
You visited 2 branches of the dungeon, and saw 12 of its levels.

You collected 757 gold pieces.
You spent 121 gold pieces at shops.

Inventory:

Hand Weapons
 a - a +8 vorpal short sword (weapon)
 b - a +0 hunting sling
 e - a +0 spear
 f - a +0 hand axe
 g - a +2 flail of protection
 l - a +2 vampiric whip
 m - a +2 dagger of draining
 x - a +0 hand crossbow
 z - a +3 trident
 J - a +0 shortbow
Missiles
 c - 109 sling bullets
 d - 291 stones
 n - 68 bolts
 y - 245 arrows
 G - 19 poisoned darts
 M - 4 silver javelins (quivered)
Armour
 h - a +2 pair of boots (worn)
 E - the +0 pair of gloves of Egoir (worn) {Int+4}
   (You acquired it on level 8 of the Dungeon)

   Int:       It affects your intelligence (+4).
 R - a scarf of invisibility (worn)
Magical Staves
 k - a staff of poison
 s - a staff of death
Jewellery
 q - a +6 ring of intelligence (left hand)
 A - a ring of wizardry (right hand)
 I - a ring of ice
 O - a ring of willpower
 Q - an amulet of regeneration (around neck)
Wands
 r - a wand of iceblast (13)
 D - a wand of flame (41)
Scrolls
 i - 2 scrolls of immolation
 j - 6 scrolls of teleportation
 p - 2 scrolls of fog
 H - a scroll of enchant armour
 K - a scroll of brand weapon
 L - 2 scrolls of amnesia
Potions
 o - 3 potions of curing
 t - a potion of mutation {unknown}
 u - a potion of degeneration {unknown}
 v - 2 potions of berserk rage {unknown}
 w - 3 potions of invisibility
 B - 3 potions of brilliance
 C - 3 potions of lignification
 F - a potion of flight {unknown}
 N - 2 potions of ambrosia


   Skills:
 - Level 2.0 Fighting
 - Level 1.8 Short Blades
 + Level 6.6 Dodging
 + Level 7.1 Stealth
 + Level 6.6 Spellcasting
 - Level 9.4 Conjurations
 * Level 0.4 Summonings
 - Level 11.7 Fire Magic


You had 6 spell levels left.
You knew the following spells:

 Your Spells              Type           Power      Damage    Failure   Level
a - Foxfire               Conj/Fire      100%       2x1d9     1%          1
b - Scorch                Fire           100%       2d10      1%          2
c - Beastly Appendage     Tmut           20%        N/A       1%          1
d - Wereblood             Tmut           10%        N/A       2%          2
e - Flame Wave            Conj/Fire      66%        2d12      1%          4
f - Dazzling Flash        Conj/Hex       78%        N/A       1%          3
g - Iskenderun's Mystic   Conj/Tloc      39%        2d9       2%          4

Your spell library contained the following spells:

 Spells                   Type           Power      Damage    Failure   Level
 Pain                     Necr           40%        1d6       1%          1
 Conjure Flame            Conj/Fire      66%        6-21      1%          3
 Inner Flame              Hex/Fire       46%        N/A       1%          3
 Sublimation of Blood     Necr           10%        N/A       2%          2
 Starburst                Conj/Fire      33%        6d10      3%          6
 Spider Form              Tmut/Pois      10%        N/A       6%          3
 Summon Forest            Summ/Tloc      5%         N/A       41%         5
 Summon Mana Viper        Hex/Summ       11%        N/A       41%         5
 Agony                    Necr           10%        N/A       45%         5
 Excruciating Wounds      Necr           5%         N/A       45%         5
 Summon Cactus Giant      Summ           6%         N/A       90%         6
 Summon Hydra             Summ           6%         N/A       100%        7


Dungeon Overview and Level Annotations

Branches:
Dungeon (11/15)            Temple (1/1) D:5            Lair (0/6) D:11
    Orc (0/2) D:9

Altars:
Ashenzari
Cheibriados
Dithmenos
Elyvilon
Fedhas
Gozag
Hepliaklqana
Kikubaaqudgha
Makhleb
Nemelex Xobeh
Okawaru
Qazlal
Ru
Sif Muna
Trog
Uskayaw
Vehumet
Wu Jian
Xom
Yredelemnul
Zin
The Shining One

Shops:
D:3 =([:?   D:5 :   D:7 [   D:9 [

Annotations:
D:11 Snorg


Innate Abilities, Weirdness & Mutations

Your life essence is reduced to manifest your ancestor. (-10% HP)
You can breathe blasts of fire.
Your fiery red scales are hard. (AC +7)
You cannot fit into any form of body armour.
Your flesh is heat resistant. (rF+)
You are cold-blooded and may be slowed by cold attacks.


Message History

Casting: Scorch (safe; 1% risk of failure)
Confirm with . or Enter, or press ? or * to list all spells.
Flames lash Snorg.
Snorg is burned terribly!
Snorg is severely wounded.
The wraith barely misses you.
Andrew Joseph hits the wraith with a +0 quarterstaff.
The wraith is destroyed!
Something bites the plant.
The plant begins to die.
A nearby plant withers and dies.
The komodo dragon completely misses the plant.
Found a staircase to the Lair.
The komodo dragon bites the plant!!
Andrew Joseph casts a spell at Snorg.
The stone arrow hits Snorg!
The komodo dragon bites the plant.
You swap places.
A nearby plant withers and dies.
Andrew Joseph hits Snorg with a +0 quarterstaff!
Snorg goes berserk!
Andrew Joseph barely misses Snorg.
Casting: Scorch (safe; 1% risk of failure)
Confirm with . or Enter, or press ? or * to list all spells.
Flames lash Snorg.
Snorg is burned terribly!
Snorg is almost dead.
Snorg bites Andrew Joseph!!
Snorg claws Andrew Joseph!
Andrew Joseph is destroyed!
Snorg misses you. Snorg completely misses you. Snorg claws you.
Casting: Scorch (safe; 1% risk of failure)
Confirm with . or Enter, or press ? or * to list all spells.
Flames lash Snorg.
Snorg is burned terribly!
Snorg is almost dead.
Snorg closely misses you. Snorg misses you. Snorg claws you! Snorg bites you!
Snorg completely misses you. Snorg claws you but does no damage.
Casting: Scorch (safe; 1% risk of failure)
Confirm with . or Enter, or press ? or * to list all spells.
Flames lash the komodo dragon.
The komodo dragon is lightly wounded.
The komodo dragon's fire resistance burns away.
Snorg bites you!! Snorg claws you!
* * * LOW HITPOINT WARNING * * *
Snorg barely misses you. Snorg bites you.
* * * LOW HITPOINT WARNING * * *
Snorg claws you!
You die...

##################
###................##
......###########)..####
......# #@.#.......
###.### #T...####.. #.#
.......l#.## #.#
####.....## #.# ..P.....
###.######P..PP.....
.........#PPP.P.PP...
###.######PPP...PP....
#.# #PP.>.PPPP.P.#


You could see Snorg (berserk, combustible) and a komodo dragon (combustible).

Vanquished Creatures
  3 two-headed ogres
  Joseph (D:7)
  A gargoyle (D:7)
  Grinder (D:3)
  10 yaks
  A wraith (D:10)
  Sigmund (D:2)
  A vampire (D:10)
  A steam dragon (D:7)
  Menkaure (D:4)
  4 water moccasins
  3 orc warriors
  A black bear (D:7)
  4 ice beasts
  6 centaurs
  A phantom (D:5)
  2 kobold brigands
  A bullfrog (D:9)
  A gnoll sergeant (D:10)
  A water moccasin zombie (D:6)
  A water moccasin skeleton (D:5)
  2 wyvern skeletons (D:6)
  4 killer bees (D:9)
  5 wights (D:6)
  A bullfrog zombie (D:5)
  2 lava snakes (D:8)
  3 centaur zombies
  4 jellies
  2 orc priests
  2 hounds
  2 bullfrog skeletons (D:6)
  2 centaur skeletons
  3 orc wizards
  Natasha (thrice) (D:2)
  3 iguanas
  Terence (D:2)
  A killer bee zombie (D:7)
  A howler monkey zombie (D:3)
  Robin (D:2)
  9 gnolls
  A howler monkey skeleton (D:7)
  9 adders
  A shadow imp (D:7)
  2 white imps
  An adder skeleton (D:5)
  3 dart slugs
  5 worms
  20 orcs
  6 endoplasms
  3 giant cockroaches (D:1)
  11 goblins
  13 hobgoblins
  3 quokkas
  7 ball pythons
  5 bats
  6 frilled lizards
  19 kobolds
  6 rats
218 creatures vanquished.

Vanquished Creatures (collateral kills)
  A catoblepas (D:10)
  A centaur zombie (D:10)
  A troll (D:9)
  A hornet (D:9)
  A wraith (D:11)
  3 yaks
  2 centaurs (D:11)
  A gnoll (D:10)
11 creatures vanquished.

Vanquished Creatures (others)
  3 ancestors (D:8)
  4 battlemagi
  104 foxfires
  19 fungi (D:1)
  3 plants (D:11)
133 creatures vanquished.

Grand Total: 362 creatures vanquished

Notes
Turn   | Place    | Note
-------+----------+-------------------------------------------
     0 | D:1      | croobank the Draconian Fire Elementalist began the quest
                  | for the Orb.
     0 | D:1      | Reached XP level 1. HP: 14/14 MP: 3/3
   210 | D:1      | Reached XP level 2. HP: 3/20 MP: 0/5
   557 | D:1      | Learned a level 2 spell: Scorch
   739 | D:1      | Reached XP level 3. HP: 26/26 MP: 0/6
   744 | D:1      | Learned a level 1 spell: Beastly Appendage
   747 | D:1      | Learned a level 2 spell: Wereblood
  1425 | D:1      | Found a faded altar of an unknown god.
  1768 | D:2      | Reached XP level 4. HP: 29/33 MP: 1/7
  2031 | D:2      | Noticed Sigmund
  2533 | D:2      | Found a shimmering altar of Xom.
  2675 | D:2      | Killed Sigmund
  2676 | D:2      | Reached skill level 1 in Fighting
  2676 | D:2      | Reached skill level 1 in Short Blades
  2676 | D:2      | Reached XP level 5. HP: 40/40 MP: 1/9
  2766 | D:2      | Reached XP level 6. HP: 47/47 MP: 7/10
  2766 | D:2      | Noticed Terence
  2767 | D:2      | Noticed Natasha
  2772 | D:2      | Killed Natasha
  2783 | D:2      | Killed Terence
  3045 | D:2      | Noticed Robin
  3053 | D:2      | Killed Robin
  3253 | D:2      | Noticed Natasha
  3255 | D:2      | Killed Natasha
  3256 | D:2      | Reached skill level 4 in Fire Magic
  3430 | D:2      | Noticed Natasha
  3436 | D:2      | Killed Natasha
  3713 | D:3      | Learned a level 4 spell: Flame Wave
  3766 | D:3      | Found Buurog's Jewellery Shoppe.
  4225 | D:3      | Noticed Grinder
  4230 | D:3      | Killed Grinder
  4231 | D:3      | Your scales start taking on a fiery red colour.
  4231 | D:3      | Reached skill level 5 in Fire Magic
  4231 | D:3      | Reached XP level 7. HP: 47/55 MP: 1/12
  4231 | D:3      | Gained mutation: Your flesh is heat resistant. (rF+) [Red
                  | Draconian growth]
  4487 | D:3      | Found Ogifet's Weapon Boutique.
  4517 | D:3      | Found Kiylycut's Antique Armour Boutique.
  4534 | D:3      | Found Osarol's Book Shop.
  4620 | D:3      | Found Neasooh's Magic Scroll Shop.
  4628 | D:3      | Bought a scroll of identify for 22 gold pieces
  4628 | D:3      | Bought a scroll of teleportation for 33 gold pieces
  5039 | D:3      | Bought a scroll of identify for 22 gold pieces
  5039 | D:3      | Bought a scroll of identify for 22 gold pieces
  5193 | D:4      | Found an opulent altar of Gozag.
  5337 | D:4      | Identified the +4 chain mail of Supple Strength {rC+}
  5550 | D:3      | Bought a scroll of identify for 22 gold pieces
  5779 | D:4      | Noticed Menkaure
  5784 | D:4      | Killed Menkaure
  5785 | D:4      | Reached skill level 6 in Fire Magic
  6259 | D:5      | Entered Level 5 of the Dungeon
  6259 | D:5      | Found a staircase to the Ecumenical Temple.
  6281 | D:5      | Reached XP level 8. HP: 14/61 MP: 0/13
  6524 | Temple   | Entered the Ecumenical Temple
  6723 | D:5      | Found an ornate altar of the Wu Jian Council.
  6723 | D:5      | Found a blossoming altar of Fedhas.
  6881 | D:5      | Found Eneekh's Book Emporium.
  6928 | D:5      | Reached skill level 7 in Fire Magic
  7478 | D:6      | Reached skill level 5 in Conjurations
  7960 | D:6      | Reached XP level 9. HP: 67/67 MP: 12/15
  7977 | D:6      | Reached skill level 8 in Fire Magic
  8538 | D:7      | Noticed a gargoyle
  8545 | D:7      | Killed a gargoyle
  8546 | D:7      | Reached skill level 5 in Stealth
  8715 | D:7      | Found a sacrificial altar of Ru.
  9035 | D:7      | Found a snail-covered altar of Cheibriados.
  9035 | D:7      | Found a hazy altar of Hepliaklqana.
  9037 | D:7      | Found a shimmering blue altar of Sif Muna.
  9039 | D:7      | Found a burning altar of Makhleb.
  9040 | D:7      | Found a sparkling altar of Nemelex Xobeh.
  9045 | D:7      | Became a worshipper of Hepliaklqana the Forgotten
  9130 | D:7      | Reached skill level 5 in Spellcasting
  9261 | D:7      | Noticed Joseph
  9274 | D:7      | Killed Joseph
  9275 | D:7      | Reached skill level 5 in Dodging
  9275 | D:7      | Reached skill level 9 in Fire Magic
  9331 | D:7      | Found a snail-covered altar of Cheibriados.
  9331 | D:7      | Found Cheibriados's Comfort Zone.
 10337 | D:8      | Reached * piety under Hepliaklqana
 10342 | D:8      | Reached XP level 10. HP: 42/65 MP: 18/18
 10499 | D:8      | Reached skill level 10 in Fire Magic
 11462 | D:8      | Identified a scroll of acquirement
 11462 | D:8      | Acquired the +0 pair of gloves of Egoir {Int+4}
 11925 | D:9      | Found Guosm's Antique Armour Shop.
 11968 | D:9      | Found a staircase to the Orcish Mines.
 12833 | D:9      | Reached ** piety under Hepliaklqana
 12834 | D:9      | Remembered your ancestor Andrew Joseph as a battlemage
 13014 | D:10     | Entered Level 10 of the Dungeon
 13046 | D:10     | Noticed a catoblepas
 13060 | D:10     | Killed a catoblepas
 13222 | D:10     | Noticed a two-headed ogre
 13227 | D:10     | Learned a level 3 spell: Dazzling Flash
 13232 | D:10     | Killed a two-headed ogre
 13233 | D:10     | Reached skill level 11 in Fire Magic
 13338 | D:10     | Learned a level 4 spell: Iskenderun's Mystic Blast
 13367 | D:10     | Reached XP level 11. HP: 60/71 MP: 14/20
 13799 | D:10     | Noticed a two-headed ogre
 13811 | D:10     | Killed a two-headed ogre
 14269 | D:11     | Noticed a two-headed ogre
 14276 | D:11     | Killed a two-headed ogre
 14383 | D:11     | Found an iron altar of Okawaru.
 14495 | D:11     | Noticed Snorg
 14506 | D:11     | Found a staircase to the Lair.
 14510 | D:11     | Mangled by Snorg

Illustrated notes

Levels and vault maps discovered:
D:1:      scummos_arrival_checkerplants, layout_basic,
          shapermc_ecumenical_altar_mp_vishouse, kennysheep_minor_cross,
          minmay_misc_feat_square
D:2:      layout_loops_cross, basic_altar, uniq_robin, uniq_terence,
          uniq_sigmund, uniq_natasha
D:3:      layout_loops_corners, serial_shops, shop,
          nicolae_shop_advertising_works [nicolae_subvault_shop_adworks],
          nicolae_shop_waterfront, nicolae_shop_stone, nicolae_shop_crystal,
          wad_rectangle_vault, uniq_grinder
D:4:      layout_basic, overflow_temple_1_default, uniq_menkaure
D:5:      layout_rooms, jmf_multi_god_temple, minmay_temple_entry_junction,
          serial_shops, nicolae_shop_hallway_plus
D:6:      layout_basic, kennysheep_generic_room_9
D:7:      layout_gridville, grunt_temple_overflow_open,
          mainiacjoe_overflow_concentric_impassable, minmay_shop_chei,
          uniq_joseph
D:8:      layout_loops_corners, kennysheep_dice
D:9:      layout_loops_corners, orc_0_dummy, serial_shops, shop
D:10:     layout_long_grid
D:11:     layout_loops_ring, david_lair_shrubbed, trove_entry_hex_spiral,
          okawaru_gym_becter, uniq_snorg
Temple:   cyrus_circular_temple

Skill      XL: |  1  2  3  4  5  6  7  8  9 10 11 |
---------------+----------------------------------+-----
Dodging        | 2 3 4 5 6 |  6.6
Stealth        | 2 3 4 5 6 7 |  7.1
Conjurations   | 2 3 4 5 7 8 9 |  9.4
Fighting       | 1 2 |  2.0
Short Blades   | 1 |  1.8
Spellcasting   | 3 4 5 6 |  6.6
Fire Magic     | 5 6 7 9 11 | 11.7
Summonings     | |  0.4

Action                   |  1- 3 |  4- 6 |  7- 9 | 10-12 || total
-------------------------+-------+-------+-------+-------++-------
Melee: Short sword       |    24 |    55 |    97 |    52 ||   228
       Tailslap          |     3 |     4 |    14 |     6 ||    27
       Punch             |     1 |     1 |     2 |     2 ||     6
       Headbutt          |     1 |     2 |     1 |       ||     4
       Kick              |       |     5 |       |       ||     5
Throw: Javelin           |       |       |     2 |       ||     2
 Cast: Foxfire           |    59 |     4 |    13 |       ||    76
       Scorch            |     7 |    45 |   111 |    84 ||   247
       Beastly Appendage |     4 |     7 |     2 |       ||    13
       Wereblood         |       |     2 |     1 |       ||     3
       Dazzling Flash    |       |       |       |     5 ||     5
       Iskenderun's Myst |       |       |       |     3 ||     3
Invok: Ancestor Life: Ba |       |       |       |     1 ||     1
       Ancestor Identity |       |       |       |     1 ||     1
 Abil: Breathe Fire      |       |       |    22 |    16 ||    38
  Use: Scroll            |     1 |     2 |    16 |     5 ||    24
       Potion            |       |       |       |     1 ||     1
 Stab: Sleeping          |       |       |     1 |       ||     1
Armor: Skin              |    12 |    17 |    52 |    22 ||   103
Dodge: Dodged            |    21 |    46 |    99 |    61 ||   227

Table legend: (Time is in decaauts)
 A = Elapsed time spent in this place.
 B = Non-inter-level travel time spent in this place.
 C = Inter-level travel time spent in this place.
 D = Time resting spent in this place.
 E = Time spent auto-exploring this place.
 F = Levels seen in this place.
 G = Mean time per level.
                   A        B        C        D        E       F      G
               +--------+--------+--------+--------+--------+-----+--------+
         Total |  14513 |  13657 |    856 |   2476 |   9006 |  12 | 1209.4 |
       Dungeon |  14408 |  13554 |    854 |   2476 |   8972 |  11 | 1309.8 |
        Temple |    104 |    102 |      2 |      0 |     34 |   1 |  104.0 |
               +--------+--------+--------+--------+--------+-----+--------+

Top non-repeatable levels by time:
     D:8: 2150 daAuts
     D:1: 1929 daAuts
     D:2: 1911 daAuts
     D:3: 1626 daAuts
     D:7: 1325 daAuts
    D:10: 1233 daAuts
     D:9: 1088 daAuts
     D:4: 997 daAuts
     D:6: 980 daAuts
     D:5: 914 daAuts
    D:11: 250 daAuts
  Temple: 104 daAuts
